 Dungeon Crawl Stone Soup version 0.29.1-15-g9cfb28693d (webtiles) character file.

Game seed: 11789334893590272881

93 Gabide the Grasshopper (level 4, 0/36 HPs)
             Began as a Demigod Warper on Apr 10, 2023.
             Slain by Grinder the ufetubus (4 damage)
             ... on level 3 of the Dungeon.
             The game lasted 00:04:45 (2926 turns).

Gabide the Grasshopper (Demigod Warper)             Turns: 2926, Time: 00:04:46

Health: 0/36       AC:  5    Str: 12    XL:     4   Next: 15%
Magic:  18/18      EV: 10    Int: 19    God:
Gold:   160        SH:  0    Dex: 13    Spells: 5/7 levels left

rFire   . . .      SeeInvis .   a - +0 spear
rCold   . . .      Faith    .   (no shield)
rNeg    . . .      Spirit   .   k - +0 ring mail
rPois   .          Reflect  .   (no helmet)
rElec   .          Harm     .   (no cloak)
rCorr   .          Rampage  .   (no gloves)
Will    .....                   (no boots)
Stlth   +.........              (no amulet)
HPRegen 0.12/turn               m - ring of magical power
MPRegen 0.16/turn               (no ring)

@: invisible
A: high MP 1, forlorn, divine attributes
a: no special abilities


You were on level 3 of the Dungeon.
You visited 1 branch of the dungeon, and saw 3 of its levels.

You collected 160 gold pieces.

Inventory:

Hand Weapons
 a - a +0 spear (weapon)
Missiles
 d - 6 boomerangs of dispersal (quivered)
 l - a throwing net
Armour
 k - a +0 ring mail (worn)
Jewellery
 m - a ring of magical power (left hand)
Wands
 b - a wand of polymorph (2)
Scrolls
 c - a scroll of blinking
 e - 2 scrolls of poison
 f - 2 scrolls of teleportation
 g - a scroll of amnesia {unknown}
Potions
 h - a potion of invisibility
 j - a potion of heal wounds {unknown}
 n - a potion of curing {unknown}
 o - a potion of flight {unknown}
 p - 2 potions of mutation


   Skills:
 - Level 2.0 Fighting
 - Level 2.0 Polearms
 + Level 1.5 Ranged Weapons
 - Level 1.0 Throwing
 - Level 1.0 Armour
 - Level 2.0 Dodging
 - Level 2.0 Spellcasting
 * Level 3.9 Translocations


You had 5 spell levels left.
You knew the following spells:

 Your Spells              Type           Power      Damage    Failure   Level
a - Blink                 Tloc           32%        N/A       12%         2

Your spell library contained the following spells:

 Spells                   Type           Power      Damage    Failure   Level
 Gell's Gravitas          Tloc           16%        N/A       22%         3
 Lesser Beckoning         Tloc           16%        N/A       22%         3
 Teleport Other           Tloc           16%        N/A       22%         3
 Manifold Assault         Tloc           16%        N/A       91%         5


Dungeon Overview and Level Annotations

Branches:
Dungeon (3/15)

Annotations:
D:3 Grinder


Innate Abilities, Weirdness & Mutations

You have an increased reservoir of magic. (+10% MP)
You shall have no god before yourself.
Your divine heritage dramatically boosts your attributes as you level up.


Message History

Grinder bites you but does no damage. Grinder claws you.
Grinder claws you but does no damage.
Press: ? - help, v - describe, . - travel, g - get item
Here: Grinder the quasit (unable to see you) Item here: a wand of roots (5).
The floor.
Unknown command.
Aiming: Polymorph
Press: ? - help, Shift-Dir - straight line, f/p - Grinder
Aim: Grinder the quasit (unable to see you, will become an ufetubus, a white imp, or a crimson imp, chance to affect: 57%) Grinder the quasit evaporates and reforms as an ufetubus!
Grinder completely misses you. Grinder barely misses you.
You are too injured to fight recklessly!
You are too injured to fight recklessly!
You are too injured to fight recklessly!
You catch Grinder completely off-guard!
You hit Grinder.
Grinder is lightly wounded.
Grinder hits you. x2
You hit Grinder but do no damage.
Grinder is lightly wounded.
Grinder hits you. Grinder hits you but does no damage.
Grinder closely misses you. Grinder barely misses you.
You miss Grinder.
Grinder is lightly wounded.
Grinder hits you but does no damage. Grinder closely misses you.
You closely miss Grinder.
Grinder is lightly wounded.
Grinder hits you.
* * * LOW HITPOINT WARNING * * *
Grinder closely misses you. Grinder hits you.
* * * LOW HITPOINT WARNING * * *
Grinder hits you but does no damage.
Okay, then.
Throw: 7 boomerangs (disperse)
Press: ? - help, Q - select action, (/) - cycle Shift-Dir - straight line, f/p - Grinder
Aim: Grinder the ufetubus (lightly wounded, unable to see you, 38% to hit)
You throw a boomerang of dispersal.
The boomerang of dispersal closely misses Grinder.
Grinder hits you.
You die...

...# ..# #### ##..## .#
#....#### .# #h....... .#
#5...# .# #.# .# #.# .#
#.###### .## #.5@...#
..#### #.####.# .....# #.#
#(# ..##รท# #.####.####.#.
.###.# #######.............
..##.###.............###..#
...#.##..................#
.#.<.#.....###...#...###..#
###..................# (


You could see Grinder the ufetubus (unable to see you).

Vanquished Creatures
  3 adders
  A dart slug (D:2)
  An orc (D:3)
  5 endoplasms
  3 giant cockroaches
  7 goblins
  5 hobgoblins
  A jackal (D:2)
  4 kobolds
  7 quokkas
  5 ball pythons
  8 bats
  4 frilled lizards
  5 rats
59 creatures vanquished.

Vanquished Creatures (others)
  19 plants (D:2)
19 creatures vanquished.

Grand Total: 78 creatures vanquished

Notes
Turn   | Place    | Note
-------+----------+-------------------------------------------
     0 | D:1      | Gabide the Demigod Warper began the quest for the Orb.
     0 | D:1      | Reached XP level 1. HP: 17/17 MP: 5/5
    47 | D:1      | Reached skill level 1 in Throwing
    47 | D:1      | Reached skill level 1 in Armour
   257 | D:1      | Reached XP level 2. HP: 23/24 MP: 7/7
   279 | D:1      | Reached skill level 3 in Translocations
  1206 | D:2      | Reached XP level 3. HP: 29/29 MP: 8/8
  1350 | D:2      | Reached skill level 1 in Ranged Weapons
  1894 | D:2      | Learned a level 2 spell: Blink
  2082 | D:3      | Noticed a black bear
  2558 | D:3      | Reached XP level 4. HP: 12/36 MP: 9/9
  2885 | D:3      | Noticed Grinder
  2918 | D:3      | Paralysed by Grinder for 2 turns
  2920 | D:3      | Noticed Grinder
  2920 | D:3      | Grinder changed into Grinder the quasit
  2921 | D:3      | Noticed Grinder
  2921 | D:3      | Grinder the quasit changed into Grinder the ufetubus
  2926 | D:3      | Slain by Grinder the ufetubus

Illustrated notes

Levels and vault maps discovered:
D:1:      lemuel_arrival_cross, layout_loops_ring
D:2:      layout_loops_ring, nicolae_grassy_gnolls
D:3:      layout_loops_ring, uniq_grinder, uniq_robin

Skill      XL: |  1  2  3 |
---------------+----------+-----
Throwing       | 1 |  1.0
Armour         | 1 |  1.0
Translocations | 3 |  3.9
Polearms       | 2 |  2.0
Dodging        | 2 |  2.0
Fighting       | 2 |  2.0
Spellcasting   | 2 |  2.0
Ranged Weapons | 1 |  1.5

Action                   |  1- 3 |  4- 6 || total
-------------------------+-------+-------++-------
Melee: Spear             |   217 |    33 ||   250
       Punch             |       |     1 ||     1
Throw: Boomerang         |       |     1 ||     1
Evoke: Wand              |     5 |     2 ||     7
  Use: Scroll            |     5 |     1 ||     6
       Potion            |       |     1 ||     1
 Stab: Sleeping          |     4 |       ||     4
       Invisible         |       |     4 ||     4
Armor: Leather armour    |    13 |       ||    13
       Ring mail         |    38 |    10 ||    48
Dodge: Dodged            |   108 |    12 ||   120
